 Dungeon Crawl Stone Soup version 0.21.1-1-g345015f (webtiles) character file.

1849 batai666 the Digger (level 9, 0/48 HPs)
             Began as a Gargoyle Earth Elementalist on Feb 14, 2018.
             Was a Follower of Vehumet.
             Slain by an orc warrior
             ... wielding a +0 battleaxe
              (11 damage)
             ... on level 5 of the Dungeon.
             The game lasted 00:44:22 (7949 turns).

batai666 the Digger (Gargoyle Earth Elementalist)   Turns: 7949, Time: 00:44:23

Health: 0/48       AC: 10    Str: 13    XL:     9   Next: 12%
Magic:  0/17       EV: 12    Int: 18    God:    Vehumet [*.....]
Gold:   273        SH:  0    Dex: 10    Spells: 9/18 levels left

rFire    + . .     SeeInvis .   f - +1 mace (crush)
rCold    . . .     Gourm    .   (no shield)
rNeg     + + .     Faith    .   c - +0 robe
rPois    ∞         Spirit   .   (no helmet)
rElec    +         Reflect  .   v - +0 cloak
rCorr    .         Harm     .   l - +0 pair of gloves
MR       .....                  (no boots)
Stlth    ++........             (no amulet)
HPRegen  0.16/turn              r - ring of protection from fire
MPRegen  0.15/turn              B - ring of positive energy

@: no status effects
A: negative energy resistance 1, electricity resistance, unbreathing,
petrification resistance, rot immunity, AC +6
a: Renounce Religion


You were on level 5 of the Dungeon.
You worshipped Vehumet.
Vehumet was aware of your devotion.
You were not hungry.

You visited 2 branches of the dungeon, and saw 7 of its levels.

You collected 333 gold pieces.
You spent 60 gold pieces at shops.

Inventory:

Hand Weapons
 a - a +4 mace
 f - a +1 mace of crushing (weapon)
 h - a +4 quarterstaff of chaos
 C - a +2 mace of draining
Missiles
 b - 130 stones (quivered)
Armour
 c - a +0 robe (worn)
 k - a +0 shield
 l - a +0 pair of gloves (worn)
 v - a +0 cloak (worn)
Jewellery
 r - a ring of protection from fire (left hand)
 B - a ring of positive energy (right hand)
Wands
 A - a wand of digging (8)
Scrolls
 j - 2 scrolls of enchant weapon
 n - 10 scrolls of remove curse
 o - 3 scrolls of enchant armour
 t - a scroll of fog
 x - a scroll of noise {unknown}
 z - a scroll of magic mapping {unknown}
 D - a scroll of random uselessness {unknown}
 E - 2 scrolls of amnesia
Potions
 i - a potion of invisibility {unknown}
 p - a potion of cancellation
 q - a potion of heal wounds {unknown}
 s - a potion of brilliance
 u - a potion of flight {unknown}
Books
 e - a book of Geomancy

   Spells                             Type                      Level
   a - Sandblast                      Earth                        1
   b - Passwall                       Transmutation/Earth          2
   c - Stone Arrow                    Conjuration/Earth            3
   d - Petrify                        Transmutation/Earth          4
   e - Lee's Rapid Deconstruction     Earth                        5
 G - a book of Frost

   Spells                             Type                      Level
   a - Freeze                         Ice                          1
   b - Throw Frost                    Conjuration/Ice              2
   c - Ozocubu's Armour               Charms/Ice                   3
   d - Throw Icicle                   Conjuration/Ice              4
   e - Summon Ice Beast               Ice/Summoning                4
Comestibles
 d - 13 rations


   Skills:
 + Level 2.0 Fighting
 + Level 3.4 Staves
 + Level 2.0 Armour
 + Level 2.4 Dodging
 - Level 2.2 Stealth
 + Level 5.4 Spellcasting
 + Level 5.5 Conjurations
   Level 0.7 Transmutations
 + Level 7.6 Earth Magic
 + Level 3.1 Evocations


You had 9 spell levels left.
You knew the following spells:

 Your Spells              Type           Power        Failure   Level  Hunger
a - Sandblast             Erth           ####..       1%          1    None
b - Stone Arrow           Conj/Erth      ####..       2%          3    ##.....
c - Lee's Rapid Deconstr  Erth           ####......   16%         5    ######.


Dungeon Overview and Level Annotations

Branches:
Dungeon (6/15)             Temple (1/1) D:4

Altars:
Ashenzari
Cheibriados
Elyvilon
Fedhas
Hepliaklqana
Kikubaaqudgha
Makhleb
Okawaru
Qazlal
Sif Muna
Uskayaw
Vehumet
Yredelemnul
Zin
The Shining One

Shops:
D:4 *


Innate Abilities, Weirdness & Mutations

You are resistant to torment.
Your stone body is resilient. (AC +6)
You are immune to poison.
You resist negative energy. (rN+)
You are resistant to electric shocks. (rElec)
You can survive without breathing.
You are immune to petrification.
You are immune to rotting.


Message History

You closely miss the orc warrior.
The orc warrior is heavily wounded.
The orc warrior hits you with a battleaxe!
The orc warrior hits you with a battleaxe!
* * * LOW HITPOINT WARNING * * *
Evoke which item? (* to show all) (? for menu, Esc to quit)
Okay, then.
Okay, then.
Unknown command.
Okay, then.
Casting: Sandblast
Confirm with . or Enter, or press ? or * to list all spells.
Aiming: Sandblast
Press: ? - help, Shift-Dir - straight line, f/p - orc warrior
Aim: an orc warrior, wielding a battleaxe and wearing a plate armour (heavily wounded)
The blast of sand hits the orc warrior.
The orc warrior is heavily wounded.
b - 130 stones The orc warrior hits you with a battleaxe!
You die...

#### #..#.#####.# # ...##########
#..#.##....##### .#..........##
#.......#.#..... ....######.#.##
##......##.##### ##.## ##.###.##
###...>...# ##.# #.## ##.#
####.#### ...# ###.###.#### #...#
##.# #....#...o># #...#
#.####.##..#.##@# #...#
#............##.# #...# ##
#......##....##.######...######.
##....÷.##.#..##.#.............#.
.................................
#................#........<....#.
.......###.#.##########...######.
#............# #...# ##
##.#######.### #...#


You could see an orc warrior.

Vanquished Creatures
  The ghost of tidbits the Insei, a novice GnTm of Cheibriados (D:6)
  An orc warrior (D:6)
  2 ogres
  A centaur (D:6)
  A big kobold (D:4)
  2 bullfrogs (D:6)
  A water moccasin zombie (D:6)
  3 killer bees (D:6)
  5 wights (D:6)
  A bullfrog zombie (D:6)
  2 hounds
  2 bullfrog skeletons
  3 orc priests (D:6)
  An orc wizard (D:6)
  Crazy Yiuf (D:2)
  A centaur skeleton (D:6)
  5 worker ants
  A hound skeleton (D:4)
  A worker ant zombie (D:6)
  6 adders
  A shadow imp (D:6)
  An adder skeleton (D:5)
  2 worms
  A dart slug (D:1)
  3 leopard geckos
  11 orcs
  5 giant cockroaches
  10 goblins
  10 hobgoblins
  13 jackals
  3 kobolds
  4 quokkas
  2 ball pythons
  A ball python skeleton (D:5)
  6 bats
  A frilled lizard (D:1)
  A quokka skeleton (D:4)
  7 rats
123 creatures vanquished.

Notes
Turn   | Place    | Note
-------+----------+-------------------------------------------
     0 | D:1      | batai666 the Gargoyle Earth Elementalist began the quest for the Orb.
     0 | D:1      | Reached XP level 1. HP: 10/10 MP: 3/3
   148 | D:1      | Reached XP level 2. HP: 9/15 MP: 5/5
   204 | D:1      | Reached skill level 4 in Earth Magic
   512 | D:1      | Reached XP level 3. HP: 8/19 MP: 4/6
   686 | D:1      | Learned a level 3 spell: Stone Arrow
  1370 | D:2      | Found an ancient bone altar of Kikubaaqudgha.
  1849 | D:2      | Reached skill level 1 in Conjurations
  2013 | D:2      | Found a runed door.
  2017 | D:2      | Noticed Crazy Yiuf
  2312 | D:2      | Killed Crazy Yiuf
  2312 | D:2      | Reached XP level 4. HP: 13/24 MP: 1/8
  2318 | D:2      | Learned a level 4 spell: Petrify
  2651 | D:2      | Reached skill level 5 in Earth Magic
  2651 | D:2      | Reached XP level 5. HP: 6/28 MP: 4/9
  2902 | D:2      | Learned a level 5 spell: Lee's Rapid Deconstruction
  3787 | D:3      | Found a hazy altar of Hepliaklqana.
  4048 | D:4      | Found a staircase to the Ecumenical Temple.
  4091 | Temple   | Entered the Ecumenical Temple
  4222 | Temple   | Became a worshipper of Vehumet
  4375 | D:4      | Noticed an ogre
  4380 | D:4      | Killed an ogre
  4380 | D:4      | Reached XP level 6. HP: 32/32 MP: 5/11
  4460 | D:4      | Found Galuuzxe's Assorted Antiques.
  4465 | D:4      | Bought a scroll of identify for 60 gold pieces
  4595 | D:4      | Found a glowing silver altar of Zin.
  4724 | D:4      | Reached skill level 6 in Earth Magic
  5053 | D:5      | Entered Level 5 of the Dungeon
  5095 | D:5      | Reached XP level 7. HP: 36/36 MP: 13/13
  6063 | D:6      | Noticed tidbits's ghost (novice GnTm)
  6075 | D:6      | Killed tidbits's ghost
  6075 | D:6      | Reached skill level 1 in Staves
  6075 | D:6      | Reached skill level 1 in Evocations
  6079 | D:6      | Reached XP level 8. HP: 18/41 MP: 0/15
  6316 | D:6      | Reached skill level 7 in Earth Magic
  6641 | D:6      | Found a blossoming altar of Fedhas.
  6647 | D:6      | Reached skill level 5 in Spellcasting
  6690 | D:6      | Reached skill level 5 in Conjurations
  6995 | D:6      | Reached skill level 1 in Armour
  7005 | D:6      | Reached skill level 1 in Fighting
  7426 | D:6      | Reached * piety under Vehumet
  7426 | D:6      | Offered knowledge of Sting by Vehumet.
  7670 | D:6      | Reached XP level 9. HP: 46/47 MP: 17/17
  7949 | D:5      | Slain by an orc warrior

Skill      XL: |  1  2  3  4  5  6  7  8  9 |
---------------+----------------------------+-----
Earth Magic    | 4 5 6 7 |  7.6
Conjurations   | 1 2 3 4 5 |  5.5
Spellcasting   | 3 4 5 |  5.4
Staves         | 2 3 |  3.4
Evocations     | 1 2 3 |  3.1
Armour         | 1 2 |  2.0
Dodging        | 2 |  2.4
Fighting       | 1 2 |  2.0
Stealth        | |  2.2
Transmutations | |  0.7

Action                   |  1- 3 |  4- 6 |  7- 9 || total
-------------------------+-------+-------+-------++-------
Melee: Dagger            |    19 |       |       ||    19
       Unarmed           |     1 |       |       ||     1
       Whip              |   109 |       |       ||   109
       Quarterstaff      |       |    96 |    79 ||   175
       Mace              |       |       |    22 ||    22
 Cast: Sandblast         |    18 |    18 |    32 ||    68
       Stone Arrow       |     1 |     5 |    17 ||    23
       Lee's Rapid Decon |       |       |     4 ||     4
Evoke: Wand              |       |       |     1 ||     1
  Use: Scroll            |     2 |     8 |     7 ||    17
       Potion            |       |       |     1 ||     1
 Stab: Sleeping          |     1 |       |     1 ||     2
       Paralysed         |       |     2 |     1 ||     3
  Eat: Chunk             |     4 |     4 |     1 ||     9
       Ration            |     1 |     1 |     3 ||     5
Armor: Robe              |    65 |    56 |    65 ||   186
Dodge: Dodged            |   145 |   110 |   121 ||   376
